 Dungeon Crawl Stone Soup version 0.29-a0-371-g91724d5b39 (webtiles) character file.

Game seed: 107482864500957177

72712 zishaf the Impassioned (level 15, -7/86 HPs)
             Began as a Vine Stalker Brigand on May 2, 2022.
             Was an Elder of Uskayaw.
             Mangled by an orc warrior
             ... wielding a +0 flail
              (19 damage)
             ... on level 2 of the Orcish Mines.
             The game lasted 00:38:59 (17135 turns).

zishaf the Impassioned (Vine Stalker Brigand)      Turns: 17135, Time: 00:39:00

Health: -7/86      AC: 15    Str: 17    XL:     15   Next: 40%
Magic:  0/37       EV: 10    Int:  6    God:    Uskayaw [****..]
Gold:   1601       SH: 17    Dex: 20    Spells: 14/14 levels left

rFire   + + +      SeeInvis +   f - +3 short sword (drain)
rCold   + . .      Faith    .   r - +0 kite shield
rNeg    + . .      Spirit   +   X - +3 leather armour {rN+}
rPois   +          Reflect  +   (helmet restricted)
rElec   +          Harm     .   Q - +2 cloak {rPois}
rCorr   .          Rampage  .   V - +0 pair of gloves
Will    ++...                   q - +0 pair of boots
Stlth   +++.......              I - amulet of reflection
HPRegen 1.04/turn               y - ring "Woakhu Jayrr" {rElec rF+ rC+ Will+ Int-3}
MPRegen 0.25/turn               b - ring of Noowodde {Drain rF+++ MP+9 Int-2 SInv}

@: no status effects
A: fangs 3, regeneration 1, magic shield, antimagic bite, no potion heal 2,
horns 1, iridescent scales 2, MP-powered wands, noise suppression
a: Renounce Religion, Stomp, Line Pass


You were on level 2 of the Orcish Mines.
You worshipped Uskayaw.
Uskayaw was most pleased with you.
You visited 4 branches of the dungeon, and saw 22 of its levels.

You collected 2132 gold pieces.
You spent 531 gold pieces at shops.

Inventory:

Hand Weapons
 f - a +3 short sword of draining (weapon)
Missiles
 d - 18 poisoned darts (quivered)
 e - 2 curare-tipped darts
 k - 8 atropa-tipped darts
 A - 14 boomerangs
 C - 2 throwing nets
Armour
 q - a +0 pair of boots (worn)
 r - a +0 kite shield (worn)
 z - a +1 helmet
 Q - a +2 cloak of poison resistance (worn)
 V - a +0 pair of gloves (worn)
 X - a +3 leather armour of positive energy (worn)
Jewellery
 b - the ring of Noowodde (right hand) {Drain rF+++ MP+9 Int-2 SInv}
   (You bought it in a shop on level 12 of the Dungeon)

   [ring of magical power]

   Int:       It affects your intelligence (-2).
   rF:        It renders you almost immune to fire.
   MP:        It affects your magic capacity (+9).
   SInv:      It lets you see invisible.
   Drain:     It drains your maximum health when unequipped.
 h - a +4 ring of protection
 p - an amulet of magic regeneration
 u - an amulet of regeneration
 y - the ring "Woakhu Jayrr" (left hand) {rElec rF+ rC+ Will+ Int-3}
   (You found it on level 6 of the Lair of Beasts)

   [ring of protection from fire]

   Int:       It affects your intelligence (-3).
   rF:        It protects you from fire.
   rC:        It protects you from cold.
   rElec:     It insulates you from electricity.
   Will:      It increases your willpower.
 B - a ring of protection from cold
 F - a ring of poison resistance
 I - an amulet of reflection (around neck)
 R - a ring of protection from fire
Wands
 o - a wand of polymorph (5)
 x - a wand of flame (33)
 H - a wand of charming (23)
 N - a wand of iceblast (1)
Scrolls
 a - 2 scrolls of summoning
 c - 2 scrolls of magic mapping
 j - 5 scrolls of teleportation
 s - 2 scrolls of identify
 E - 5 scrolls of enchant weapon
 G - 3 scrolls of fog
 J - 3 scrolls of blinking
 O - 4 scrolls of enchant armour
 S - a scroll of holy word
 T - 4 scrolls of brand weapon
 Z - a scroll of fear
Potions
 g - a potion of attraction
 i - 2 potions of berserk rage
 l - 4 potions of flight
 m - 2 potions of haste
 n - 3 potions of cancellation
 t - 5 potions of magic
 v - 8 potions of curing
 w - 4 potions of mutation
 D - 2 potions of lignification
 K - a potion of brilliance {unknown}
 M - 3 potions of ambrosia
 P - 2 potions of invisibility
 U - a potion of might
 W - a potion of resistance


   Skills:
 + Level 13.2 Fighting
 - Level 10.0 Short Blades
 - Level 3.0 Throwing
 - Level 0.7 Dodging
 - Level 6.0 Stealth
 - Level 10.0 Shields
 * Level 17.0 Invocations


You had 14 spell levels left.
You didn't know any spells.
Your spell library contained the following spells:

 Spells                   Type           Power      Damage    Failure   Level
 Animate Skeleton         Necr           0%         N/A       80%         1
 Apportation              Tloc           0%         N/A       80%         1
 Foxfire                  Conj/Fire      0%         2x1d4     80%         1
 Shock                    Conj/Air       0%         1d3       80%         1
 Slow                     Hex            0%         N/A       80%         1
 Summon Small Mammal      Summ           0%         N/A       80%         1
 Ensorcelled Hibernation  Hex/Ice        0%         N/A       90%         2
 Static Discharge         Conj/Air       0%         N/A       90%         2
 Sublimation of Blood     Necr           0%         N/A       90%         2
 Confusing Touch          Hex            0%         N/A       99%         3
 Conjure Flame            Conj/Fire      0%         6-21      99%         3
 Ignite Poison            Fire/Tmut/Pois 0%         N/A       99%         3
 Inner Flame              Hex/Fire       0%         N/A       99%         3
 Mephitic Cloud           Conj/Pois/Air  0%         N/A       99%         3
 Spider Form              Tmut/Pois      0%         N/A       99%         3
 Stone Arrow              Conj/Erth      0%         3d7       99%         3
 Swiftness                Air            0%         N/A       99%         3
 Vampiric Draining        Necr           0%         2d6       99%         3
 Airstrike                Air            0%         N/A       100%        4
 Anguish                  Hex/Necr       0%         N/A       100%        4
 Animate Armour           Summ/Erth      0%         N/A       100%        4
 Animate Dead             Necr           0%         N/A       100%        4
 Cause Fear               Hex            0%         N/A       100%        4
 Flame Wave               Conj/Fire      0%         2d4       100%        4
 Hailstorm                Conj/Ice       0%         3d3       100%        4
 Ice Form                 Ice/Tmut       0%         N/A       100%        4
 Petrify                  Tmut/Erth      0%         N/A       100%        4
 Summon Lightning Spire   Summ/Air       0%         N/A       100%        4
 Freezing Cloud           Conj/Ice/Air   0%         6-21      100%        5
 Irradiate                Conj/Tmut      0%         3d13      100%        5
 Lightning Bolt           Conj/Air       0%         1d11      100%        5
 Yara's Violent Unravell  Hex/Tmut       0%         3d3       100%        5
 Simulacrum               Ice/Necr       0%         N/A       100%        6
 Enfeeble                 Hex            0%         N/A       100%        7
 Haunt                    Necr/Summ      0%         N/A       100%        7
 Storm Form               Tmut/Air       0%         N/A       100%        7
 Discord                  Hex            0%         N/A       100%        8
 Infestation              Necr           0%         N/A       100%        8
 Lehudib's Crystal Spear  Conj/Erth      0%         10d2      100%        8
 Maxwell's Capacitive Co  Air            0%         ∞         100%        8


Dungeon Overview and Level Annotations

Branches:
Dungeon (13/15)            Temple (1/1) D:7            Lair (6/6) D:8
 Shoals (0/4) Lair:2        Snake (0/4) Lair:2        Slime (0/5) Lair:5
    Orc (2/2) D:10            Elf (0/3) Orc:2
 Vaults: D:13-14

Altars:
Ashenzari
Cheibriados
Dithmenos
Elyvilon
Fedhas
Gozag
Hepliaklqana
Kikubaaqudgha
Makhleb
Nemelex Xobeh
Okawaru
Qazlal
Ru
Sif Muna
Trog
Uskayaw
Vehumet
Wu Jian
Xom
Yredelemnul
Zin
The Shining One
Jiyva

Shops:
D:2 *   D:6 (   D:12 =[*=!   Orc:2 (*:

Annotations:
D:7 2 transporters, Menkaure
Lair:3 2 transporters, indyram44's ghost, journeyman DsGl
Lair:4 exclusion: oklob plant


Innate Abilities, Weirdness & Mutations

You have razor-sharp teeth.
Your natural rate of healing is unusually fast.
When hurt, damage is shared between your health and your magic reserves.
Your bite disrupts and absorbs the magic of your enemies.
Potions cannot restore your health.
You have a pair of small horns on your head.
You are mostly covered in iridescent scales. (AC +4)
You expend magic power (3 MP) to strengthen your wands.
You passively dampen the noise of your surroundings.


Message History

The orc knight is lightly wounded.
You hit the orc knight.
You headbutt the orc knight, but do no damage.
You bite the orc knight! You drain its power.
You feel invigorated.
The orc knight is moderately wounded.
The orc knight hits you with a +0 bardiche!
* * * LOW HITPOINT WARNING * * *
You hit the orc knight. You drain the orc knight.
Your bite misses the orc knight.
The orc knight is heavily wounded.
You block the orc knight's attack.
An orc wizard comes into view. It is wielding a +0 dagger.
You hit the orc knight. You drain the orc knight.
Your bite misses the orc knight.
The orc knight is heavily wounded.
The orc knight roars a battlecry!
The orc warrior goes into a battle-frenzy!
You hit the orc knight but do no damage.
You drain the orc knight.
You headbutt the orc knight, but do no damage.
You bite the orc knight. You drain its power.
You feel invigorated.
The orc knight is severely wounded.
Uskayaw will force your foes to share their pain.
You hit the orc knight. You drain the orc knight. You headbutt the orc knight.
The orc knight is almost dead.
A nearby fungus withers and dies.
You block the orc knight's attack.
You hit the orc knight but do no damage.
You drain the orc knight.
You bite the orc knight, but do no damage.
The orc knight is almost dead.
The orc knight roars a battlecry!
The orc wizard goes into a battle-frenzy!
The orc wizard gestures wildly while chanting.
The orc wizard flickers and vanishes for a moment.
You hit the orc knight. You drain the orc knight. You headbutt the orc knight.
You kill the orc knight!
An orc priest comes into view. It is wielding a +0 club.
An orc wizard comes into view. It is wielding a +0 dagger.
The orc warrior hits you with a +0 flail!!
You die...

........................#.##
..........................PP
..#.#.......................
.###.....................8..
###....................oo...
#.................$o.......
##...PP.............P...∩.o
...........P......#...o...P
...............)@o..........
..#......∩...)..#).##.....PP
##.........[)#...# .......
#....P8....P)#.## #...P.
##...P.......o#.## ....
#....).).....#...##....
#....))†.#....#..#......
##.....)..#...#........#
##..###.......#.........


You could see an orc warrior (strong), an orc priest (wandering) and 2 orc
wizards.

Vanquished Creatures
  Rupert (Lair:4)
  An orc warlord (Orc:2)
  A slime creature (D:13)
  Nessos (Lair:4)
  A fire dragon (Lair:6)
  6 hydras
  An anaconda (Lair:6)
  A boulder beetle (Lair:4)
  Erica (D:11)
  An ogre mage (Orc:1)
  A death yak (Lair:5)
  6 two-headed ogres
  3 orc high priests
  5 orc knights
  A deep elf pyromancer (D:11)
  2 lindwurms (Lair:6)
  A cyclops (Orc:2)
  An ugly thing (D:12)
  4 orc sorcerers
  A manticore (D:12)
  A merfolk siren (Lair:2)
  9 elephants
  6 black mambas
  6 torpor snails
  An unseen horror (D:9)
  3 gargoyles
  11 cane toads
  9 rime drakes
  7 komodo dragons
  6 trolls
  8 hornets
  A merfolk (Lair:2)
  3 tyrant leeches (Lair:6)
  16 blink frogs
  18 polar bears
  A dream sheep (Lair:6)
  A raiju (Lair:6)
  A shadow (D:11)
  7 wyverns
  3 wraiths
  44 yaks
  Eustachio (D:4)
  A vampire (D:10)
  A basilisk (D:12)
  10 wargs
  2 nagas (Lair:2)
  4 acid dragons
  16 hell hounds (Lair:6)
  13 water moccasins
  A sky beast (D:8)
  24 orc warriors
  2 ice beasts
  5 ogres
  14 black bears
  5 centaurs (D:12)
  33 wolves
  2 kobold brigands
  3 phantoms
  13 bullfrogs
  A necrophage (D:5)
  A gnoll sergeant (D:6)
  2 scorpions
  8 wights
  A troll skeleton (D:9)
  10 killer bees
  8 electric eels
  A howler monkey (D:11)
  5 spriggan skeletons (D:9)
  2 lava snakes (Lair:6)
  4 jellies
  6 hounds
  2 gnoll shamans
  6 orc priests
  13 orc wizards
  5 hell rats (Lair:6)
  20 gnolls
  9 adders
  A shadow imp (D:5)
  2 white imps
  2 worms
  5 dart slugs
  53 orcs
  8 ball pythons
  6 bats (D:1)
  2 endoplasms
  4 giant cockroaches
  12 hobgoblins
  4 jackals (D:5)
  18 kobolds
  A quokka (D:2)
  2 frilled lizards
  9 goblins
  6 rats
  A butterfly (Lair:5)
592 creatures vanquished.

Vanquished Creatures (others)
  31 fungi
  27 plants
58 creatures vanquished.

Grand Total: 650 creatures vanquished

Notes
Turn   | Place    | Note
-------+----------+-------------------------------------------
     0 | D:1      | zishaf the Vine Stalker Brigand began the quest for the
                  | Orb.
     0 | D:1      | Reached XP level 1. HP: 11/11 MP: 2/2
   165 | D:1      | Reached skill level 5 in Stealth
   165 | D:1      | Reached XP level 2. HP: 14/15 MP: 3/3
   341 | D:1      | Reached XP level 3. HP: 18/18 MP: 4/4
   741 | D:2      | Found a broken altar of Ashenzari.
   815 | D:2      | You fall into a shaft and drop 1 floor!
   990 | D:3      | Gained mutation: Your natural rate of healing is unusually
                  | fast. [Vine Stalker growth]
   990 | D:3      | Reached XP level 4. HP: 17/23 MP: 5/5
  1025 | D:3      | Found an ornate altar of the Wu Jian Council.
  1099 | D:2      | Found a faded altar of an unknown god.
  1252 | D:2      | Found Ruox's Assorted Antiques.
  1473 | D:3      | Reached XP level 5. HP: 27/27 MP: 6/6
  1618 | D:3      | Found a blossoming altar of Fedhas.
  1649 | D:3      | Found a burning altar of Makhleb.
  1709 | D:3      | Noticed an ogre
  1718 | D:3      | Killed an ogre
  1719 | D:3      | Reached XP level 6. HP: 32/32 MP: 7/7
  2236 | D:4      | Reached XP level 7. HP: 32/37 MP: 8/8
  2392 | D:4      | Found a white marble altar of Elyvilon.
  2616 | D:4      | Noticed Eustachio
  2631 | D:4      | Killed Eustachio
  2632 | D:4      | Reached skill level 5 in Fighting
  2632 | D:4      | Reached skill level 1 in Shields
  2887 | D:5      | Entered Level 5 of the Dungeon
  3222 | D:5      | Reached skill level 5 in Short Blades
  3222 | D:5      | Gained mutation: You have razor-sharp teeth. [Vine Stalker
                  | growth]
  3222 | D:5      | Reached XP level 8. HP: 43/43 MP: 9/9
  3614 | D:6      | Found Guofiati's Antique Weapon Shop.
  3805 | D:6      | HP: 2/44 [poisoned by an orc wizard]
  3877 | D:6      | Reached XP level 9. HP: 42/49 MP: 10/10
  4498 | D:7      | Found a transporter.
  4499 | D:7      | Found an ancient bone altar of Kikubaaqudgha.
  4526 | D:7      | Noticed Menkaure
  4528 | D:7      | Found a transporter.
  4528 | D:7      | Found a basalt altar of Yredelemnul.
  4670 | D:7      | Found a staircase to the Ecumenical Temple.
  4684 | Temple   | Entered the Ecumenical Temple
  4746 | Temple   | Became a worshipper of Uskayaw the Reveller
  4784 | D:7      | Reached * piety under Uskayaw
  4790 | D:7      | Reached ** piety under Uskayaw
  4795 | D:7      | Reached skill level 1 in Invocations
  4795 | D:7      | Reached *** piety under Uskayaw
  4799 | D:7      | Reached **** piety under Uskayaw
  4841 | D:7      | Reached ***** piety under Uskayaw
  4842 | D:7      | Reached skill level 5 in Shields
  4842 | D:7      | Reached skill level 2 in Invocations
  4908 | D:7      | Found a broken altar of Ashenzari.
  5082 | D:8      | Reached skill level 3 in Invocations
  5171 | D:8      | Noticed an elephant
  5174 | D:8      | Found a staircase to the Lair.
  5182 | D:8      | Killed an elephant
  5183 | D:8      | Reached skill level 4 in Invocations
  5183 | D:8      | Reached XP level 10. HP: 55/55 MP: 12/14
  5298 | D:8      | Found a snail-covered altar of Cheibriados.
  5970 | D:9      | Noticed a two-headed ogre
  5980 | D:9      | Killed a two-headed ogre
  5981 | D:9      | Reached skill level 5 in Invocations
  6365 | D:9      | Reached skill level 6 in Invocations
  6611 | D:9      | Reached XP level 11. HP: 60/60 MP: 17/17
  6827 | D:9      | Reached skill level 7 in Invocations
  6931 | D:10     | Entered Level 10 of the Dungeon
  6932 | D:10     | Found a staircase to the Orcish Mines.
  6932 | D:10     | Noticed a two-headed ogre
  6941 | D:10     | Killed a two-headed ogre
  6965 | D:10     | Reached ****** piety under Uskayaw
  7615 | D:10     | Reached skill level 8 in Invocations
  7913 | Lair:1   | Entered Level 1 of the Lair of Beasts
  7972 | D:11     | Noticed a deep elf pyromancer
  7975 | D:11     | Killed a deep elf pyromancer
  8030 | D:11     | Noticed an eight-headed hydra
  8050 | D:11     | Killed an eight-headed hydra
  8123 | D:11     | Noticed Erica
  8132 | D:11     | Reached skill level 9 in Invocations
  8144 | D:11     | Killed Erica
  8310 | D:11     | Reached XP level 12. HP: 66/66 MP: 19/19
  8460 | D:12     | Found Cigifecw's Armour Boutique.
  8463 | D:12     | Bought a +2 cloak of poison resistance for 314 gold pieces
  8598 | D:12     | Found Hotat's Assorted Antiques.
  8622 | D:12     | Found Wosoh's Jewellery Shop.
  8679 | D:12     | Found Otzymiwko's Distillery.
  8685 | D:12     | Bought a potion of might for 52 gold pieces
  8990 | D:12     | Found Faggoxzum's Jewellery Boutique.
  9351 | D:13     | Noticed a seven-headed hydra
  9372 | D:13     | Killed a seven-headed hydra
  9373 | D:13     | Reached skill level 10 in Invocations
  9460 | D:12     | Bought a steaming wooden ring for 165 gold pieces
  9460 | D:12     | Identified the ring of Noowodde {Drain rF+++ MP+9 Int-2
                  | SInv} (You bought it in a shop on level 12 of the Dungeon)
 10061 | Lair:1   | Reached skill level 10 in Fighting
 10065 | Lair:1   | Reached skill level 11 in Invocations
 10251 | Lair:1   | Gained mutation: You tend to lose your temper in combat.
                  | [potion of mutation]
 10251 | Lair:1   | Gained mutation: You are partially covered in iridescent
                  | scales. (AC +2) [potion of mutation]
 10251 | Lair:1   | Gained mutation: You are clumsy. (Dex -2) [potion of
                  | mutation]
 10251 | Lair:1   | Gained mutation: You are strong-willed. (Will+) [potion of
                  | mutation]
 10252 | Lair:1   | Lost mutation: You are clumsy. (Dex -2) [potion of
                  | mutation]
 10252 | Lair:1   | Lost mutation: You tend to lose your temper in combat.
                  | [potion of mutation]
 10252 | Lair:1   | Lost mutation: You are strong-willed. (Will+) [potion of
                  | mutation]
 10252 | Lair:1   | Gained mutation: You are mostly covered in iridescent
                  | scales. (AC +4) [potion of mutation]
 10252 | Lair:1   | Gained mutation: You passively dampen the noise of your
                  | surroundings. [potion of mutation]
 10252 | Lair:1   | Gained mutation: You expend magic power (3 MP) to
                  | strengthen your wands. [potion of mutation]
 10252 | Lair:1   | Gained mutation: You have a pair of small horns on your
                  | head. [potion of mutation]
 10688 | Lair:2   | Reached skill level 10 in Short Blades
 10744 | Lair:2   | Reached XP level 13. HP: 72/72 MP: 22/22
 10811 | Lair:2   | Found a staircase to the Snake Pit.
 10879 | Lair:2   | Found a staircase to the Shoals.
 11213 | Lair:2   | Reached skill level 12 in Invocations
 11795 | Lair:3   | Noticed indyram44's ghost (journeyman DsGl)
 11803 | Lair:3   | Found a transporter.
 11813 | Lair:3   | Found a transporter.
 12480 | Lair:4   | Noticed Nessos
 12483 | Lair:4   | Killed Nessos
 12496 | Lair:4   | Reached skill level 13 in Invocations
 12520 | Lair:4   | Noticed Rupert
 12537 | Lair:4   | HP: 2/74 [Rupert/+3 battleaxe of distortion (5)]
 12543 | Lair:4   | Killed Rupert
 12544 | Lair:4   | Reached skill level 10 in Shields
 12924 | Lair:5   | Reached XP level 14. HP: 62/79 MP: 25/25
 12991 | Lair:5   | Found a sacrificial altar of Ru.
 13137 | Lair:5   | Found a viscous altar of Jiyva.
 13137 | Lair:5   | Found a staircase to the Slime Pits.
 13220 | Lair:5   | Reached skill level 14 in Invocations
 13887 | Lair:6   | Entered Level 6 of the Lair of Beasts
 14528 | Lair:6   | Found a runed translucent door.
 14709 | Lair:6   | Reached skill level 15 in Invocations
 14712 | Lair:6   | Identified the ring "Woakhu Jayrr" {rElec rF+ rC+ Will+
                  | Int-3}
 15289 | Lair:6   | Identified the +1 cloak of the Vestibule of Hell {rF+
                  | Stlth+}
 15444 | Lair:6   | Reached skill level 16 in Invocations
 15753 | Lair:6   | Reached XP level 15. HP: 74/83 MP: 28/28
 15972 | Orc:1    | Entered Level 1 of the Orcish Mines
 16329 | Orc:2    | Entered Level 2 of the Orcish Mines
 16404 | Orc:1    | Found a burning altar of Makhleb.
 16590 | Orc:2    | Noticed an orc warlord
 16661 | Orc:2    | Found a staircase to the Elven Halls.
 16730 | Orc:2    | HP: 1/86 [orc warlord/bolt (23)]
 16891 | Orc:2    | Killed an orc warlord
 16965 | Orc:2    | Found Rekui's General Store.
 16995 | Orc:2    | Found Nismur's Antique Weapon Emporium.
 17084 | Orc:2    | Found Zozimul's Book Shop.
 17111 | Orc:2    | Reached skill level 17 in Invocations
 17135 | Orc:2    | Mangled by an orc warrior

Illustrated notes

Levels and vault maps discovered:
D:1:      minmay_arrival_three_doors, layout_rooms, wad_floor_pattern_1,
          minmay_misc_feat_roman, minmay_misc_feat_diagonals, minmay_unequal
D:2:      layout_rooms, basic_altar, dreamdust_ecumenical_altar_grove,
          serial_shops, nicolae_shop_statue_plus
D:3:      layout_loops_ring, nzn_wu_jian_council_hall,
          mainiacjoe_overflow_two_lobes
D:4:      layout_basic, mainiacjoe_overflow_24_doors, uniq_eustachio
D:5:      layout_cave_pods
D:6:      corexii_shack_village, layout_cave_pools, serial_glass,
          glass_columns_a, glass_columns_a, serial_shops,
          nicolae_shop_waterfront
D:7:      layout_rooms, mainiacjoe_overflow_paths, gammafunk_temple_of_torment,
          temple_hall
D:8:      layout_gridville, cheibriados_altar_1, david_lair_generic
D:9:      layout_loops_corners, hangedman_tell_no_tales
D:10:     layout_cave_pods, david_orc_3
D:11:     layout_rooms, uniq_erica
D:12:     layout_long_grid, serial_shops, nicolae_take_the_stairs,
          nicolae_stop_n_shop_2, kennysheep_mini_moat, nicolae_square_shop, shop
D:13:     layout_basic, hangedman_vaults_entry_quadrant_bands,
          lemuel_zombie_altar_yredelemnul
Temple:   eino_temple_water
Lair:1:   beast_lair_carwin_large_3, layout_gridlike
Lair:2:   layout_hall_layers, elwin_shoals_entry_rooms,
          guppyfry_snake_entry_island
Lair:3:   layout_regular_city, gammafunk_ghost_berserking_beasts
Lair:4:   layout_roguey, uniq_rupert, uniq_nessos
Lair:5:   layout_cave_pods, slime_altar_1, basic_altar, st_stairs_12,
          beast_lair_carwin_10, grunt_megastairs_3, serial_bayou_shore_a,
          lemuel_fruit_tree, lemuel_fruit_fields
Lair:6:   wormcave, layout_loops_ring, hangedman_lair_caniforms_friends,
          nicolae_quartered_pool_medium, dreamdust_mushroom_princess,
          nicolae_lair_liquid_snakes
Orc:1:    layout_diamond_mine, basic_altar
Orc:2:    grunt_orc_gardens, layout_caves, grunt_orc_garden, grunt_orc_garden,
          grunt_orc_garden, grunt_orc_garden, bh_open_orc_temple

Skill      XL: |  1  2  3  4  5  6  7  8  9 10 11 12 13 14 15 |
---------------+----------------------------------------------+-----
Fighting       | 2 3 4 5 6 7 8 9 10 11 12 13 | 13.2
Short Blades   | 2 3 5 6 7 8 9 10 | 10.0
Throwing       | 2 3 |  3.0
Stealth        | 5 6 |  6.0
Shields        | 2 4 5 6 7 8 10 | 10.0
Invocations    | 4 6 9 11 13 16 17 | 17.0
Dodging        | |  0.7

Action                   |  1- 3 |  4- 6 |  7- 9 | 10-12 | 13-15 || total
-------------------------+-------+-------+-------+-------+-------++-------
Melee: Dagger            |     8 |       |       |       |       ||     8
       Short sword       |    63 |    88 |   350 |   621 |   958 ||  2080
       Bite              |    10 |    20 |   103 |   230 |   389 ||   752
       Punch             |     2 |     2 |       |       |       ||     4
       Headbutt          |       |       |       |     2 |   275 ||   277
Throw: Dart              |       |       |       |     1 |    11 ||    12
       Boomerang         |       |       |       |       |    42 ||    42
Invok: Grand Finale      |       |       |       |       |     4 ||     4
Evoke: Wand              |       |       |       |       |     4 ||     4
  Use: Scroll            |       |    13 |     3 |    14 |       ||    30
       Potion            |       |       |     1 |     2 |     1 ||     4
 Stab: Sleeping          |     9 |     5 |     6 |    15 |    24 ||    59
       Distracted        |       |     3 |     2 |       |       ||     5
       Paralysed         |       |       |     5 |    38 |    79 ||   122
Armor: Robe              |    12 |       |       |       |       ||    12
       Ring mail         |     5 |    39 |   152 |    66 |       ||   262
       Leather armour    |       |       |       |   120 |   265 ||   385
Dodge: Dodged            |    32 |    31 |    81 |   148 |   237 ||   529
Block: Kite shield       |       |       |   161 |   418 |   725 ||  1304
       Reflection        |       |       |       |    21 |    14 ||    35

Table legend: (Time is in decaauts)
 A = Elapsed time spent in this place.
 B = Non-inter-level travel time spent in this place.
 C = Inter-level travel time spent in this place.
 D = Time resting spent in this place.
 E = Time spent auto-exploring this place.
 F = Levels seen in this place.
 G = Mean time per level.
                   A        B        C        D        E       F      G
               +--------+--------+--------+--------+--------+-----+--------+
         Total |  16837 |  15621 |   1216 |    695 |  10794 |  22 |  765.3 |
       Dungeon |   9629 |   8777 |    852 |    197 |   6297 |  13 |  740.7 |
        Temple |     76 |     61 |     15 |      0 |     49 |   1 |   76.0 |
          Lair |   6021 |   5727 |    294 |    357 |   3894 |   6 | 1003.5 |
  Orcish Mines |   1109 |   1055 |     54 |    141 |    553 |   2 |  554.5 |
               +--------+--------+--------+--------+--------+-----+--------+

Top non-repeatable levels by time:
  Lair:6: 1886 daAuts
     D:9: 1087 daAuts
  Lair:5: 1008 daAuts
  Lair:3: 963 daAuts
    D:10: 953 daAuts
     D:3: 926 daAuts
     D:4: 912 daAuts
     D:8: 905 daAuts
  Lair:1: 902 daAuts
    D:12: 849 daAuts
     D:6: 756 daAuts
  Lair:2: 741 daAuts
     D:1: 739 daAuts
     D:5: 701 daAuts
   Orc:1: 698 daAuts
